 Dungeon Crawl Stone Soup version 0.26-a0-613-g4f23886233 (webtiles) character file.

Game seed: 3303612318852778536

5 Descartes the Grasshopper (level 1, -4/19 HPs)
             Began as a Naga Warper on Sept 11, 2020.
             Slain by Sigmund
             ... wielding a cursed -3 scythe
              (10 damage)
             ... on level 2 of the Dungeon.
             The game lasted 00:01:13 (224 turns).

Descartes the Grasshopper (Naga Warper)              Turns: 224, Time: 00:01:13

Health: -4/19      AC:  1    Str: 13    XL:     1   Next: 80%
Magic:  3/3        EV:  9    Int: 13    God:
Gold:   0          SH:  0    Dex: 10    Spells: 4/4 levels left

rFire    . . .     SeeInvis +   a - +0 falchion
rCold    . . .     Faith    .   (no shield)
rNeg     . . .     Spirit   .   b - +0 leather armour
rPois    +         Reflect  .   (no helmet)
rElec    .         Harm     .   (no cloak)
rCorr    .                      (no gloves)
MR       .....                  (no barding)
Stlth    ..........             (no amulet)
HPRegen  0.06/turn              (no ring)
MPRegen  0.08/turn              (no ring)

@: confused, very slow
A: large, see invisible, deformed body, poison resistance, slowness 2, spit
poison 1, AC +0
a: Spit Poison


You were on level 2 of the Dungeon.
You visited 1 branch of the dungeon, and saw 2 of its levels.

Inventory:

Hand Weapons
 a - a +0 falchion (weapon)
Missiles
 e - 5 boomerangs of dispersal (quivered)
 g - 35 stones
Armour
 b - a +0 leather armour (worn)
Scrolls
 c - a scroll of immolation {unknown}
 d - a scroll of blinking
 f - a scroll of remove curse {unknown}


   Skills:
 + Level 2.1 Fighting
 + Level 2.1 Long Blades
 - Level 0.8 Throwing
 + Level 0.9 Armour
 + Level 1.6 Dodging
 + Level 2.0 Spellcasting
   Level 3.0 Translocations


You had 4 spell levels left.
You didn't know any spells.
Your spell library contained the following spells:

 Spells                   Type           Power        Failure   Level
 Blink                    Tloc           N/A          14%         2
 Gell's Gravitas          Tloc           #.........   28%         3
 Lesser Beckoning         Tloc           #.........   28%         3
 Teleport Other           Tloc           #.......     28%         3
 Passage of Golubria      Tloc           N/A          67%         4


Dungeon Overview and Level Annotations

Branches:
Dungeon (1/15)

Altars:

Annotations:
D:2 Sigmund


Innate Abilities, Weirdness & Mutations

You cannot wear boots.
Your serpentine skin is tough. (AC +0)
You have supernaturally acute eyesight. (SInv)
Armour fits poorly on your strangely shaped body.
Your system is resistant to poisons. (rPois)
You cover ground very slowly.
You can spit poison.


Message History

You are confused.
You have got your breath back.
Sigmund closely misses you.
You bump into the rock wall.
You feel less confused.
Sigmund hits you with a cursed -3 scythe.
You hit Sigmund but do no damage. Sigmund gestures at you while chanting.
You are confused.
You bump into the rock wall.
Sigmund gestures at you while chanting.
You are more confused.
You closely miss Sigmund. Sigmund barely misses you.
You closely miss Sigmund.
Sigmund hits you with a cursed -3 scythe!
Ouch! That really hurt!
You're too confused to move!
Sigmund hits you from afar with a cursed -3 scythe!
Ouch! That really hurt!
You die...

#.#.. .. #.#.##.# #...#
##......# #...# ##.......#
#.).# #......#.########
#...# #..##..#.. ......
##...#####..#...#.# ......
............#.#.#.##......
................@.#.......
.†........#.......#.@>....
.#...#.####..#.#.@#.../...
.#...#.# #.#...#.?.@.....
.#...#.# #.##.####.######
.#...#.# >....# .#
.......# ##..... .#
....#### #.#. # ## .##..
..#


You could see Sigmund.

Vanquished Creatures
  A giant cockroach (D:1)
  A hobgoblin (D:1)
  A bat (D:2)
  2 goblins (D:1)
5 creatures vanquished.

Notes
Turn   | Place    | Note
-------+----------+-------------------------------------------
     0 | D:1      | Descartes the Naga Warper began the quest for the Orb.
     0 | D:1      | Reached XP level 1. HP: 19/19 MP: 3/3
   181 | D:1      | You fall into a shaft and drop 1 floor!
   211 | D:2      | Noticed Sigmund
   224 | D:2      | Slain by Sigmund

Illustrated notes

Levels and vault maps discovered:
D:1:      evilmike_arrival_crescent, layout_loops_ring, minmay_tiny_reverse_x
D:2:      layout_loops_cross, nicolae_overflow_crystal_walls, uniq_terence,
          uniq_sigmund

Action                   || total
-------------------------++-------
Melee: Falchion          ||    14
 Abil: Spit Poison       ||     2
Dodge: Dodged            ||     6
       Rpst.: Falchion   ||     2

Table legend: (Time is in decaauts)
 A = Elapsed time spent in this place.
 B = Non-inter-level travel time spent in this place.
 C = Inter-level travel time spent in this place.
 D = Time resting spent in this place.
 E = Time spent auto-exploring this place.
 F = Levels seen in this place.
 G = Mean time per level.
                   A        B        C        D        E       F      G
               +--------+--------+--------+--------+--------+-----+--------+
         Total |    258 |    258 |      0 |      0 |    207 |   2 |  129.0 |
       Dungeon |    258 |    258 |      0 |      0 |    207 |   2 |  129.0 |
               +--------+--------+--------+--------+--------+-----+--------+

Top non-repeatable levels by time:
     D:1: 202 daAuts
     D:2: 56 daAuts
